 Dungeon Crawl Stone Soup version 0.30-a0-972-gf3ab3527aa (webtiles) character file.

Game seed: 7975420300325974599

304 dredge the Slasher (level 6, -6/48 HPs)
             Began as a Human Berserker on Mar 31, 2023.
             Was a Believer of Trog.
             Mangled by an iguana (11 damage)
             ... on level 6 of the Dungeon.
             The game lasted 00:04:37 (2006 turns).

dredge the Slasher (Human Berserker)                Turns: 2006, Time: 00:04:37

Health: -6/48      AC:  7    Str: 20    XL:     6   Next: 66%
Magic:  6/6        EV: 10    Int:  7    God:    Trog [**....]
Gold:   146        SH:  0    Dex: 12    Spells: 5/5 levels left

rFire   + . .      SeeInvis .    a - +0 falchion
rCold   . . .      Faith    .    (no shield)
rNeg    . . .      Spirit   .    k - +1 scale mail {rF+}
rPois   .          Reflect  .    b - +0 hat
rElec   .          Rampage  .    (no cloak)
rCorr   .                        (no gloves)
Will    .....                    (no boots) Stlth
                                 (no amulet)
HPRegen 0.28/turn                (no ring)
MPRegen 0.10/turn                (no ring)

@: on berserk cooldown, slowed, very slow
A: no striking features
a: Renounce Religion, Berserk, Trog's Hand


You were on level 6 of the Dungeon.
You worshipped Trog.
Trog was pleased with you.
You visited 1 branch of the dungeon, and saw 4 of its levels.

You collected 146 gold pieces.

Inventory:

Hand Weapons
 a - a +0 falchion (weapon)
Armour
 b - a +0 hat (worn)
 k - a +1 scale mail of fire resistance (worn)
Scrolls
 d - a scroll of fog {unknown}
 e - 2 scrolls of teleportation {unknown}
 g - a scroll of amnesia {unknown}
 j - a scroll of poison {unknown}
 l - a scroll of torment {unknown}
 o - 4 scrolls of identify {unknown}
Potions
 c - a potion of lignification {unknown}
 f - a potion of invisibility {unknown}
 h - a potion of haste {unknown}
 i - a potion of attraction {unknown}
 m - 2 potions of mutation {unknown}
 n - a potion of degeneration {unknown}


   Skills:
 + Level 3.8 Fighting
 + Level 5.3 Long Blades
 + Level 3.3 Armour
 + Level 2.9 Dodging
 + Level 0.4 Stealth


You had 5 spell levels left.
You didn't know any spells.
Your spell library contained the following spells:

 Spells                   Type           Power      Damage    Failure   Level
 Beastly Appendage        Tmut           0%         N/A       78%         1
 Wereblood                Tmut           0%         N/A       89%         2
 Spider Form              Tmut/Pois      0%         N/A       98%         3


Dungeon Overview and Level Annotations

Branches:
Dungeon (6/15)
 Temple: D:4-7

Altars:


Message History

The orc hits you with a +0 mace.
* * * LOW HITPOINT WARNING * * *
The orc warrior hits you but does no damage.
You slash the orc warrior!
You kill the orc warrior!
Trog accepts your kill.
Your Long Blades skill increases to level 5!
An iguana comes into view.
The orc closely misses you.
Things that are here:
a +0 scimitar; a +0 chain mail The iguana hisses angrily.
You hit the orc.
The orc is lightly wounded.
The orc hits you with a +0 mace.
* * * LOW HITPOINT WARNING * * *
You slash the orc!
You kill the orc!
Trog accepts your kill.
Things that are here:
a +0 mace; a +0 leather armour; an orc corpse You start resting.
You feel a strong urge to attack something.
You start resting.
You are no longer berserk.
You are exhausted.
You feel yourself slow down.
You start resting.
An iguana is nearby!
Things that are here:
a +0 short sword; a +0 leather armour; an orc corpse You see here a +0 whip.
The iguana attacks as you move away! The iguana closely misses you.
The iguana bites you!
* * * LOW HITPOINT WARNING * * *
The iguana attacks as you move away! The iguana closely misses you.
You hit the iguana but do no damage. The iguana bites you.
* * * LOW HITPOINT WARNING * * *
The iguana bites you!
You die...

#..^...####......##..###
####.#.# #.#.#.........
....####.#.#..##..###
..................#
..#####.#.#......# #
#.#.#......#.###
#.#.#......#....
###...#..........
#.......@....#.##.
#.#.....l........ ..
#..........#.##. ##
#.....).........
#...#.)#.....#.
#...#..####.....
.....#).# .....
......#))# ...# .....
#..#


You could see an iguana.

Vanquished Creatures
  An orc warrior (D:6)
  A black bear (D:6)
  A hound (D:6)
  An orc priest (D:6)
  An adder (D:2)
  3 orcs (D:6)
  3 endoplasms
  2 giant cockroaches (D:2)
  6 goblins
  5 hobgoblins
  2 jackals (D:3)
  3 kobolds
  3 quokkas
  3 ball pythons (D:2)
  5 bats
  A frilled lizard (D:1)
  7 rats
48 creatures vanquished.

Notes
Turn   | Place    | Note
-------+----------+-------------------------------------------
     0 | D:1      | dredge the Human Berserker began the quest for the Orb.
     0 | D:1      | Reached XP level 1. HP: 18/18 MP: 1/1
    59 | D:1      | Reached XP level 2. HP: 15/24 MP: 2/2
   742 | D:1      | Reached XP level 3. HP: 19/29 MP: 3/3
  1171 | D:2      | Found a faded altar of an unknown god.
  1449 | D:2      | Reached ** piety under Trog
  1454 | D:2      | Reached XP level 4. HP: 33/35 MP: 4/4
  1771 | D:3      | You fall into a shaft and drop 3 floors!
  1841 | D:6      | Reached skill level 4 in Long Blades
  1890 | D:6      | Noticed a black bear
  1901 | D:6      | Killed a black bear
  1902 | D:6      | Reached XP level 5. HP: 40/42 MP: 5/5
  1973 | D:6      | Reached XP level 6. HP: 36/48 MP: 6/6
  1976 | D:6      | Noticed an orc warrior
  1991 | D:6      | Killed an orc warrior
  1992 | D:6      | Reached skill level 5 in Long Blades
  2006 | D:6      | Mangled by an iguana

Illustrated notes

Levels and vault maps discovered:
D:1:      erik_arrival_cave_to_civilisation [erik_arrival_cave_to_hall],
          layout_basic
D:2:      layout_rooms, basic_ecumenical_altar
D:3:      layout_loops_ring, kennysheep_minor_cross, hex_tiny, hex_large
D:6:      layout_basic, kennysheep_okawaru_gauntlet,
          minmay_temple_entry_enclosed_plants, chequers_mini_garden

Skill      XL: |  1  2  3  4  5  6 |
---------------+-------------------+-----
Long Blades    | 4 5 |  5.3
Armour         | 3 |  3.3
Fighting       | |  3.8
Dodging        | |  2.9
Stealth        | |  0.4

Action                     |  1- 3 |  4- 6 || total
---------------------------+-------+-------++-------
  Melee: Falchion          |   106 |    71 ||   177
 Invoke: Berserk           |       |     2 ||     2
         Trog's Hand       |       |     1 ||     1
   Stab: Sleeping          |     3 |       ||     3
 Armour: Animal skin       |    21 |       ||    21
         Scale mail        |    15 |    30 ||    45
  Dodge: Dodged            |    72 |    44 ||   116

Table legend: (Time is in decaauts)
 A = Elapsed time spent in this place.
 B = Non-inter-level travel time spent in this place.
 C = Inter-level travel time spent in this place.
 D = Time resting spent in this place.
 E = Time spent auto-exploring this place.
 F = Levels seen in this place.
 G = Mean time per level.
                   A        B        C        D        E       F      G
               +--------+--------+--------+--------+--------+-----+--------+
         Total |   2035 |   1931 |    104 |     53 |   1493 |   4 |  508.8 |
       Dungeon |   2035 |   1931 |    104 |     53 |   1493 |   4 |  508.8 |
               +--------+--------+--------+--------+--------+-----+--------+

Top non-repeatable levels by time:
     D:1: 1134 daAuts
     D:2: 518 daAuts
     D:6: 248 daAuts
     D:3: 134 daAuts
